Map: Ulrena

Players

Mariuslol - Winner!

  • Race: Zerg Zerg
  • League: Master

IIIIIIII

  • Race: Terran Terran
  • League: Master

VOD

Have the link to the VOD?

Description

I did lots of thing wrong lol, I realized way to late it was full on mech, I had already started melee cara, and thought "fuck it" and decided to go down that route and make it happen. I also aint to good with Vipers, so i try to do lots of runby's and annoy their last bases, and my macro is okay

Time

  • Played on: Dec. 25, 2015, 8:08 p.m.
  • Length: 20:22
Show
View Real Time Build Order
Export as new Build Order

Mariuslol Zerg - Winner!

Build Orders: Hatch First, Muta Ling Bane 

Get SALT Encoding   

  12  0:00  Drone  
  13  0:13  Overlord  
  13  0:19  Drone  
  14  0:32  Drone  
  14  0:33  Drone  
  16  0:36  Drone  
  17  0:57  Hatchery  
  17  1:00  Drone  
  17  1:01  Drone  
  18  1:09  Extractor  
  18  1:10  Drone  
  18  1:20  Spawning Pool  
  18  1:24  Drone  
  18  1:37  Drone  
  19  1:46  Overlord  
  19  2:09  Queen, Zergling x4  
  19  2:10  Queen  
  19  2:13  Overlord  
  19  2:14  Drone  
  26  2:20  Drone  
  27  2:23  Drone  
  27  2:26  Metabolic Boost  
  28  2:31  Drone  
  28  2:36  Drone  
  31  2:44  Drone x2  
  31  2:46  Queen  
  34  2:58  Lair  
  34  3:00  Overlord  
  34  3:04  Drone x2  
  36  3:08  Drone  
  37  3:13  Drone  
  37  3:18  Drone x4  
  42  3:21  Drone  
  42  3:29  Queen  
  42  3:31  Drone  
  42  3:32  Drone  
  46  3:36  Spine Crawler  
  46  3:37  Drone  
  46  3:41  Drone x2  
  47  3:45  Extractor  
  47  3:46  Drone, Extractor  
  46  3:53  Zergling x4  
  46  3:54  Drone x2  
  50  4:03  Drone x2, Spire  
  50  4:06  Zergling x2  
  48  4:19  Drone x4  
  47  4:36  Drone x3  
  49  4:41  Drone x2  
  49  4:42  Drone  
  49  4:44  Extractor  
  51  4:46  Overlord  
  51  4:58  Overlord  
  51  4:59  Overlord  
  51  5:01  Hatchery  
  51  5:03  Overlord x2  
  50  5:15  Drone x2  
  50  5:18  Mutalisk x3  
  58  5:25  Pneumatized Carapace  
  58  5:26  Zerg Flyer Weapons Level 1  
  58  5:37  Drone x2  
  58  5:39  Drone  
  58  5:40  Baneling Nest  
  58  5:41  Evolution Chamber  
  59  5:43  Zergling x4  
  59  5:44  Evolution Chamber  
  53  5:52  Mutalisk x2  
  53  5:56  Drone  
  55  6:01  Drone x2  
  55  6:02  Drone  
  50  6:11  Drone x3  
  50  6:12  Drone  
  50  6:14  Drone  
  55  6:19  Drone  
  54  6:26  Drone x3  
  54  6:28  Drone  
  54  6:29  Drone  
  54  6:31  Drone  
  60  6:33  Drone  
  59  6:42  Drone x5  
  64  6:49  Zerg Ground Armor Level 1, Zerg Melee Weapons Level 1  
  64  6:52  Drone  
  65  6:57  Centrifical Hooks  
  65  7:04  Drone x2  
  65  7:05  Drone x3  
  70  7:08  Spore Crawler  
  70  7:13  Drone x2, Spine Crawler  
  70  7:14  Drone  
  71  7:19  Drone x2, Spore Crawler  
  71  7:21  Drone  
  73  7:29  Baneling Nest  
  72  7:31  Hatchery  
  72  7:35  Zergling x8  
  76  7:37  Zergling x4  
  76  7:43  Overlord  
  76  7:44  Zergling x6  
  80  7:47  Drone  
  82  7:53  Extractor  
  82  7:54  Extractor  
  80  8:00  Overlord x3  
  80  8:06  Overseer  
  80  8:07  Zerg Flyer Armor Level 1  
  80  8:09  Overlord  
  80  8:10  Zergling x6  
  80  8:11  Zergling x10  
  88  8:16  Spore Crawler  
  88  8:18  Overlord x2  
  87  8:20  Corruptor  
  87  8:26  Drone  
  87  8:27  Drone x4  
  94  8:39  Drone x4  
  94  8:40  Drone x2  
  100  8:44  Zerg Ground Armor Level 2, Zerg Melee Weapons Level 2  
  100  8:48  Infestation Pit  
  99  8:49  Drone, Spine Crawler  
  99  8:55  Drone x2  
  101  9:03  Corruptor x3  
  106  9:14  Corruptor  
  106  9:15  Overlord x2  
  108  9:21  Spine Crawler  
  107  9:28  Hatchery  
  106  9:39  Hive  
  106  9:41  Overlord x3, Corruptor x2  
  106  9:42  Zergling x2  
  106  9:43  Zergling x4  
  113  9:50  Overlord  
  113  10:02  Overlord  
  113  10:03  Zergling x2  
  113  10:04  Zergling x8  
  118  10:24  Drone x5  
  118  10:25  Drone x5  
  128  10:32  Pathogen Glands  
  128  10:33  Spine Crawler  
  127  10:36  Spore Crawler  
  127  10:37  Spine Crawler  
  127  10:38  Spine Crawler  
  123  10:57  Overlord  
  123  10:58  Overlord  
  123  11:04  Zerg Ground Armor Level 3, Zerg Melee Weapons Level 3, Ultralisk Cavern  
  123  11:06  Zerg Flyer Armor Level 2  
  123  11:07  Overlord  
  123  11:08  Zergling x8  
  123  11:09  Zergling x4  
  127  11:23  Zergling x6  
  130  11:32  Overseer x2  
  130  11:37  Adrenal Glands  
  130  11:49  Spore Crawler  
  130  11:50  Spine Crawler  
  130  11:51  Drone, Spine Crawler  
  130  11:52  Drone x6  
  130  11:53  Spine Crawler  
  130  11:54  Spine Crawler  
  131  11:58  Chitinous Plating  
  131  12:00  Ultralisk x5  
  161  12:14  Spore Crawler  
  159  12:16  Spine Crawler  
  159  12:20  Infestor  
  159  12:21  Infestor  
  161  12:22  Infestor  
  163  12:36  Infestor  
  163  12:38  Ultralisk  
  163  12:40  Drone x2, Spine Crawler, Extractor  
  163  12:41  Drone x5, Spore Crawler, Extractor  
  163  12:42  Drone x2  
  163  12:43  Spine Crawler  
  175  12:44  Spore Crawler  
  174  12:57  Overseer  
  152  13:20  Spine Crawler x2  
  152  13:23  Infestor  
  152  13:24  Infestor  
  152  13:25  Ultralisk x2  
  152  13:26  Hatchery  
  162  13:27  Zergling x22  
  172  13:35  Greater Spire  
  172  13:37  Overseer x2  
  172  13:41  Zerg Missile Weapons Level 1  
  172  13:48  Corruptor x4  
  172  13:52  Spine Crawler  
  179  14:19  Corruptor  
  179  14:20  Corruptor x3  
  187  14:40  Extractor  
  187  14:44  Ultralisk x3  
  195  14:48  Ultralisk  
  196  14:55  Corruptor  
  189  15:08  Ultralisk  
  189  15:09  Zergling x8  
  189  15:13  Spore Crawler  
  189  15:14  Spine Crawler  
  188  15:15  Drone x3, Spine Crawler  
  188  15:16  Spine Crawler  
  180  15:33  Brood Lord  
  180  15:34  Brood Lord x3  
  188  15:40  Extractor  
  187  15:47  Drone x7  
  187  15:48  Drone x2  
  196  15:55  Zergling x2  
  196  15:56  Zergling x6  
  200  16:07  Overseer x2  
  200  16:17  Hatchery  
  200  16:18  Zerg Flyer Armor Level 3  
  199  16:32  Corruptor x3  
  195  16:33  Infestor  
  197  16:50  Corruptor  
  187  17:03  Corruptor x6  
  199  17:15  Extractor  
  198  17:16  Extractor  
  198  17:21  Overlord  
  198  17:22  Overlord x2  
  186  17:32  Corruptor x2  
  186  17:33  Corruptor  
  186  17:34  Zergling x8  
  186  17:35  Zergling x42  
  176  17:49  Corruptor x3  
  176  17:50  Zergling x22  
  179  17:57  Zergling x10  
  172  18:04  Drone  
  172  18:05  Drone x6  
  175  18:10  Overseer x3  
  175  18:12  Corruptor x2  
  170  18:19  Infestor x3  
  176  18:26  Spore Crawler  
  178  18:28  Spine Crawler  
  178  18:29  Spine Crawler  
  178  18:32  Overlord  
  178  18:33  Overlord  
  172  18:49  Infestor x3  
  172  18:51  Drone  
  172  18:52  Drone x2  
  181  19:03  Spore Crawler  
  181  19:04  Spine Crawler  
  181  19:05  Spine Crawler, Infestor  
  181  19:06  Spore Crawler  
  167  19:45  Brood Lord  
  167  19:46  Brood Lord x2  
  167  19:47  Brood Lord  
  167  19:48  Corruptor x3  
  167  19:49  Zergling x2  
  167  19:50  Zergling x36  
  176  20:10  Spore Crawler x3  
  176  20:12  Spore Crawler  
Show
View Real Time Build Order
Export as new Build Order

IIIIIIII Terran 

Build Orders: Hellion Opening, Mech 

Get SALT Encoding   

  12  0:01  SCV  
  13  0:13  SCV  
  14  0:18  Supply Depot  
  14  0:25  SCV  
  15  0:39  SCV  
  16  0:45  Barracks  
  16  0:47  Refinery  
  16  0:51  SCV  
  17  1:04  SCV  
  18  1:18  SCV  
  19  1:31  Orbital Command  
  19  1:32  Marine  
  20  1:42  Command Center  
  20  1:50  Supply Depot  
  20  2:02  Factory  
  20  2:08  SCV  
  21  2:11  Barracks Reactor  
  21  2:30  SCV  
  21  2:33  Refinery  
  22  2:43  SCV  
  23  2:49  Starport  
  23  2:55  SCV, Hellion x2  
  28  3:04  Orbital Command  
  27  3:13  SCV  
  27  3:16  Hellion x2  
  27  3:19  Factory  
  32  3:33  Barracks Tech Lab, Orbital Command  
  32  3:34  Viking  
  34  3:36  SCV  
  35  3:44  Hellion  
  35  3:45  Hellion  
  39  3:48  SCV  
  40  4:00  SCV  
  41  4:09  Bunker  
  41  4:14  Liberator  
  43  4:31  Hellion x2  
  40  4:39  Marine  
  40  4:43  Supply Depot  
  40  4:44  SCV x2  
  43  4:51  Siege Tank  
  46  5:03  Supply Depot  
  46  5:05  SCV x2, Hellion x2, Marine  
  46  5:07  Liberator  
  53  5:16  Engineering Bay  
  53  5:17  SCV  
  53  5:20  Command Center  
  54  5:22  Marine  
  58  5:37  SCV x2  
  60  5:46  Missile Turret  
  60  5:48  Missile Turret x2  
  60  5:49  Missile Turret  
  60  5:51  Missile Turret  
  60  5:52  Missile Turret  
  60  5:53  Missile Turret  
  60  5:56  Missile Turret  
  58  6:01  Factory Reactor  
  49  6:05  Liberator  
  49  6:10  Missile Turret  
  45  6:12  Cyclone, Liberator  
  45  6:17  Refinery x2  
  51  6:31  SCV x2  
  56  6:47  Hi-Sec Auto Tracking  
  56  6:51  SCV x2  
  56  6:53  Orbital Command  
  58  7:03  SCV x2  
  58  7:04  Siege Tank  
  58  7:05  Hellion x2  
  58  7:06  Liberator  
  67  7:09  Barracks Tech Lab  
  67  7:10  Factory  
  67  7:19  SCV x2  
  67  7:20  SCV  
  73  7:31  SCV  
  73  7:32  SCV x2  
  73  7:36  Liberator  
  78  7:37  Hellion x2  
  78  7:40  Siege Tank  
  78  7:43  SCV  
  78  7:44  SCV  
  85  7:53  SCV  
  85  7:55  SCV  
  85  7:57  Supply Depot  
  85  7:58  Supply Depot  
  90  8:09  Missile Turret  
  90  8:17  Orbital Command  
  90  8:24  Building Armor  
  90  8:25  Liberator  
  90  8:30  Command Center  
  90  8:33  Siege Tank  
  96  8:34  Siege Tank  
  96  8:35  Command Center, SCV x2, Hellion x2  
  102  8:47  SCV  
  106  8:49  SCV  
  106  8:53  SCV  
  108  8:56  Refinery  
  108  9:00  SCV  
  108  9:01  SCV  
  108  9:02  Factory  
  109  9:03  Barracks Reactor  
  109  9:05  Factory  
  109  9:14  Missile Turret  
  109  9:22  Supply Depot  
  109  9:23  Supply Depot  
  109  9:24  Sensor Tower  
  109  9:41  SCV x2  
  109  9:42  SCV  
  112  9:54  SCV x2  
  112  9:58  SCV  
  112  9:59  SCV  
  116  10:01  Refinery  
  116  10:05  Command Center  
  116  10:11  Command Center  
  116  10:28  Factory Tech Lab  
  116  10:29  Hellion x2, Siege Tank  
  116  10:30  Siege Tank  
  126  10:40  Supply Depot x2  
  126  10:50  Orbital Command  
  126  10:52  Missile Turret  
  126  11:02  Command Center  
  123  11:37  Orbital Command x2  
  123  11:45  Missile Turret  
  123  11:46  Cyclone x2, Hellion x2  
  133  11:48  Cyclone  
  133  11:49  Command Center, Hellion x2  
  140  11:56  Mag-Field Accelerator  
  140  11:57  Infernal Pre-Igniter  
  140  12:18  Cyclone  
  143  12:27  Missile Turret  
  143  12:29  Planetary Fortress  
  143  12:32  Command Center  
  143  12:40  Cyclone  
  143  12:41  Hellion x2, Cyclone  
  151  12:54  Orbital Command  
  151  13:41  Missile Turret  
  151  13:49  Armory, Orbital Command  
  151  13:50  Armory  
  151  13:55  Planetary Fortress  
  151  13:57  Missile Turret  
  151  14:01  Planetary Fortress  
  151  14:04  Refinery  
  151  14:06  Missile Turret  
  151  14:07  Refinery  
  151  14:09  Orbital Command  
  151  14:17  Armory  
  151  14:18  Fusion Core  
  151  14:32  Starport Tech Lab  
  151  14:33  Starport  
  151  14:35  Starport x2  
  107  15:19  Cyclone x3, Hellion x4  
  124  15:28  Orbital Command  
  124  15:30  Terran Vehicle And Ship Armor Level 1, Terran Ship Weapons Level 1, Terran Vehicle Weapons Level 1  
  124  15:40  Hellion  
  126  15:51  Cyclone, Missile Turret  
  126  15:52  Cyclone x2, Hellion x3  
  126  15:53  Cloaking Field, Starport Tech Lab x3  
  126  15:56  Banshee  
  144  16:02  Hellion, Refinery x2  
  146  16:04  Command Center  
  146  16:13  Hellion x3  
  146  16:16  Missile Turret  
  152  16:23  Cyclone  
  152  16:24  Cyclone x2  
  150  16:45  Liberator x4  
  144  17:01  Cyclone x3, Hellion x3  
  153  17:03  Widow Mine  
  167  17:21  Widow Mine x2  
  167  17:22  Widow Mine  
  59  18:16  Orbital Command  
  57  18:31  Hellion x4, Siege Tank x3  
  66  18:45  Orbital Command  
  66  18:50  Orbital Command  
  66  18:52  Hellion  
  66  18:53  Hellion x3  
  66  18:54  Banshee x4  
  86  19:03  Siege Tank x3  
  95  19:14  Hellion x2  
  95  19:15  SCV  
  95  19:16  SCV x6  
  106  19:20  Liberator x3  
  106  19:25  Hellion x4  
  106  19:28  SCV x3  
  109  19:35  Siege Tank x3  
  109  19:37  Banshee  
Tags
 
Add a new tag
Caveats
  • Supply blocks, unpowered buildings, or Contaminate may cause inaccurate times.
  • Supply counts are checked every 10 seconds.